[Event "Late-Titled-Tuesday-Blitz-April-23-2024"]
[Site "Chess.com"]
[Date "2024.04.23"]
[Round "5"]
[White "zano2023"]
[Black "micke12a"]
[Result "0-1"]
[WhiteElo "2164"]
[BlackElo "2439"]
[TimeControl "180+1"]
[EndTime "14:54:23 PDT"]
[Termination "micke12a won by resignation"]

1. d4 Nf6 2. Nd2 d5 3. Ngf3 c5 4. e3 Nc6 5. c3 g6 6. Bd3 Bg7 7. O-O O-O 8. Qe2 Qc7 9. dxc5 a5 10. e4 dxe4 11. Nxe4 Bg4 12. Nxf6+ Bxf6 13. Be4 Ne5 14.
Be3 Nd7 15. h3 Be6 16. Qb5 Rab8 17. Rad1 Rfc8 18. Rd2 Nxc5 19. Bxc5 Qxc5 20. Qxc5 Rxc5 21. Rfd1 b5 22. Rd8+ Rxd8 23. Rxd8+ Kg7 24. Ra8 b4 25. cxb4 axb4 26. a3 b3 27. Rd8 Bxb2 28. a4 Bf6 29. Rd1 b2 30. Rb1 Rc1+ 31. Kh2 Ba2 0-1

[Event "Late-Titled-Tuesday-Blitz-April-23-2024"]
[Site "Chess.com"]
[Date "2024.04.23"]
[Round "5"]
[White "Mackster23"]
[Black "bascheyaro"]
[Result "0-1"]
[WhiteElo "2606"]
[BlackElo "2813"]
[TimeControl "180+1"]
[EndTime "14:54:25 PDT"]
[Termination "bascheyaro won by resignation"]

1. e4 e6 2. d4 d5 3. Nc3 Bb4 4. e5 Ne7 5. a3 Bxc3+ 6. bxc3 b6 7.
Qg4 O-O 8. Bg5 Nd7 9. Bd3 f5 10.
exf6 Nxf6 11. Qe2 c5 12. c4 dxc4 13. Bxc4 Qxd4 14. Rd1 Qc3+ 15. Bd2 Qxc2 16. Nf3 Qe4 17. Be3 Ned5 18. Bd3 Qg4 19. h3 Qa4 20. Bc2 Qxa3 21. Bc1 Qc3+ 22. Kf1 Ba6 23. Qxa6 Qxc2 24. Re1 Ne4 0-1

[Event "Late-Titled-Tuesday-Blitz-April-23-2024"]
[Site "Chess.com"]
[Date "2024.04.23"]
[Round "5"]
[White "Oleg_Papayan"]
[Black "jinxy2009"]
[Result "1-0"]
[WhiteElo "2639"]
[BlackElo "2300"]
[TimeControl "180+1"]
[EndTime "14:54:32 PDT"]
[Termination "Oleg_Papayan won by resignation"]

1. e4 c6 2. Nc3 d5 3. Nf3 dxe4 4. Nxe4 Nf6 5. Qe2 Nxe4 6. Qxe4 Nd7 7. Bc4 Nf6 8. Ne5 e6 9. Qe2 Bd6 10. d4 O-O 11. Bg5 Be7 12. O-O-O Nd5 13. Bd2 Qc7 14. h4 a5 15. Rh3 b5 16. Bd3 Bf6 17.
Rg3 b4 18. Qe4 g6 19. h5 Bxe5 20. dxe5 f5 21. exf6 Nxf6 22. Qh4 Ba6 23. Bxa6 Rxa6 24. hxg6 a4 25. gxh7+ Kh8 26. Bxb4 c5 27. Bc3 e5 28.
Rg8+ Nxg8 29. hxg8=Q+ Kxg8 30. Qc4+ Kh8 31. Rh1+ Kg7 32.
Qxa6 1-0

[Event "Late-Titled-Tuesday-Blitz-April-23-2024"]
[Site "Chess.com"]
[Date "2024.04.23"]
[Round "5"]
[White "Valiyev_Shahin"]
[Black "Babbelbox"]
[Result "1-0"]
[WhiteElo "2550"]
[BlackElo "2715"]
[TimeControl "180+1"]
[EndTime "14:54:38 PDT"]
[Termination "Valiyev_Shahin won by resignation"]

1. e4 e5 2. Nf3 Nc6 3. Bb5 Nf6 4. O-O Nxe4 5. Re1 Nd6 6. Nxe5 Be7 7. Bf1 Nxe5 8.
Rxe5 O-O 9. d4 Bf6 10. Re1 Re8 11. Bf4 Rxe1 12. Qxe1 Bxd4 13. Nc3 Ne8 14. Nd5 c6 15.
Ne7+ Kf8 16. Nxc8 Rxc8 17. Qb4+ c5 18. Qxb7 Rc6 19. c3 Bf6 20. Bb5 Rb6 21. Qxd7 Qxd7 22. Bxd7 Rxb2 23. Re1 Be7 24. Bxe8 Kxe8 25. Bd6 Rb7 26. Bxc5 Kd8 27. Bxe7+ Rxe7 28. Rxe7 Kxe7 29. Kf1 Kd6 30. Ke2 Kc5 31. Kd3 f5 32. f4 a5 33. a3 Kb5 34. c4+ Ka4 35. Kc3 h5 36. h4 g6 37. c5 Kb5 38. Kd4 Kc6 39. a4 Kc7 40. Kd5 Kd7 41. c6+ Kc7 42. Kc5 1-0

[Event "Late-Titled-Tuesday-Blitz-April-23-2024"]
[Site "Chess.com"]
[Date "2024.04.23"]
[Round "5"]
[White "VojtechPlat"]
[Black "h4parah5"]
[Result "0-1"]
[WhiteElo "2868"]
[BlackElo "3039"]
[TimeControl "180+1"]
[EndTime "14:54:39 PDT"]
[Termination "h4parah5 won by resignation"]

1. e4 c5 2. Nf3 Nc6 3. c3 Nf6 4. e5 Nd5 5. Bc4 Nb6 6. Bb3 d5 7. exd6 Qxd6 8. d4 cxd4 9. cxd4 Be6 10. O-O Bxb3 11. Qxb3 e6 12. Nc3 Qb4 13. Rd1 Rd8 14.
Be3 Qxb3 15. axb3 f6 16. Nd2 Nd5 17. Nc4 Bb4 18. Ne4 Kf7 19. Nc5 b6 20. Nd3 Rd7 21.
Rac1 Nce7 22. Nce5+ fxe5 23. Nxe5+ Ke8 24. Nxd7 Kxd7 25.
Bg5 Nf5 26. g4 Nd6 27. Kg2 Rf8 28. Bh4 Nf4+ 29. Kf1 Ne4 30. Bg3 Nd2+ 0-1

[Event "Late-Titled-Tuesday-Blitz-April-23-2024"]
[Site "Chess.com"]
[Date "2024.04.23"]
[Round "5"]
[White "giomar27"]
[Black "Aygehovit1992"]
[Result "1/2-1/2"]
[WhiteElo "2499"]
[BlackElo "2708"]
[TimeControl "180+1"]
[EndTime "14:54:39 PDT"]
[Termination "Game drawn by repetition"]

1. d4 Nf6 2. Nc3 d5 3. Bf4 g6 4. e3 Bg7 5. h4 h5 6. Nf3 O-O 7.
Ne5 c5 8. dxc5 Nc6 9. Be2 Qa5 10. O-O Qxc5 11. Nb5 Nxe5 12. Bxe5 Bg4 13. Bd4 Qxb5 14. Bxb5 Bxd1 15. Rfxd1 e6 16. Be2 Rac8 17. Rac1 Ne4 18.
Bxg7 Kxg7 19. c4 dxc4 20. Rxc4 Rxc4 21. Bxc4 Rc8 22. Bb3 Nc5 23. Bc2 a5 24. Kf1 Kf6 25. Ke2 Ke7 26. a3 b5 27. Bd3 Nxd3 28. Kxd3 e5 29.
e4 f5 30. f3 f4 31. Ke2 Rc2+ 32. Rd2 Rxd2+ 33. Kxd2 Kd6 34. b4 axb4 35. axb4 Ke6 36. Ke2 Kf6 37. Kf2 g5 38. hxg5+ Kxg5 39. Kg1 h4 40. Kh2 Kh5 41. Kh3 Kg5 42. Kh2 Kh5 43. Kh3 Kg5 44. Kh2 1/2-1/2

[Event "Late-Titled-Tuesday-Blitz-April-23-2024"]
[Site "Chess.com"]
[Date "2024.04.23"]
[Round "5"]
[White "Oleksandr_Bortnyk"]
[Black "temiksmozg"]
[Result "1-0"]
[WhiteElo "3111"]
[BlackElo "2713"]
[TimeControl "180+1"]
[EndTime "14:54:41 PDT"]
[Termination "Oleksandr_Bortnyk won by checkmate"]

1. e4 c5 2. Be2 d5 3. d3 dxe4 4. dxe4 Qxd1+ 5. Bxd1 Nc6 6. c3 Bd7 7.
f4 O-O-O 8. Nf3 h6 9. Be3 e5 10. Nxe5 Nxe5 11. fxe5 b6 12. O-O Be6 13. Bb3 Ne7 14.
Bxe6+ fxe6 15. Nd2 Nc6 16. Nc4 b5 17. Nd6+ Bxd6 18.
exd6 Rxd6 19. Bxc5 Rd7 20. a4 bxa4 21. Rxa4 Rhd8 22. b4 Rb7 23. Ra6 Kc7 24. h3 Rd3 25. Rf7+ Rd7 26. Rf8 Rd3 27. Rg8 Rd7 28. h4 Rf7 29. e5 Kd7 30. Bd6 Rb6 31. Ra1 Rb5 32.
Bc5 Rb7 33. Rd1+ Kc7 34. Re8 a5 35. bxa5 Nxa5 36. Rxe6 Rf4 37. h5 Rf5 38. Rg6 Kc8 39. Bb6 Nb3 40. Rd8# 1-0

[Event "Late-Titled-Tuesday-Blitz-April-23-2024"]
[Site "Chess.com"]
[Date "2024.04.23"]
[Round "5"]
[White "Casablanca"]
[Black "TigrVShlyape"]
[Result "0-1"]
[WhiteElo "2694"]
[BlackElo "3020"]
[TimeControl "180+1"]
[EndTime "14:54:43 PDT"]
[Termination "TigrVShlyape won by resignation"]

1. d4 d5 2. c4 c6 3. Nf3 Nf6 4. cxd5 cxd5 5. Nc3 a6 6. Bf4 e6 7. e3 Bd6 8. Bxd6 Qxd6 9. Bd3 Nc6 10. O-O O-O 11.
a3 Bd7 12. Rc1 Rfc8 13. b4 a5 14. b5 Ne7 15. Qb3 b6 16. Ne5 Be8 17. Ne2 Nd7 18. f4 f6 19. Nxd7 Qxd7 20. a4 Bg6 21.
Bxg6 hxg6 22. Rxc8+ Rxc8 23. Rc1 Rxc1+ 24. Nxc1 Qc8 25. Ne2 Nf5 26. Kf2 Nd6 27. Ng3 Qc1 28.
Qd3 Kf7 29. h4 Qb2+ 30. Qe2 Nc4 31. h5 gxh5 32. Nxh5 Qxe2+ 33. Kxe2 g6 34. Ng3 Nb2 35. Kd2 e5 36. Kc2 Nc4 37. Nf1 Ke6 38. g4 e4 39.
Nd2 Nxe3+ 40. Kc3 Nxg4 0-1

[Event "Late-Titled-Tuesday-Blitz-April-23-2024"]
[Site "Chess.com"]
[Date "2024.04.23"]
[Round "5"]
[White "Nicolik"]
[Black "JSPrepz"]
[Result "0-1"]
[WhiteElo "2508"]
[BlackElo "2795"]
[TimeControl "180+1"]
[EndTime "14:54:43 PDT"]
[Termination "JSPrepz won by checkmate"]

1. d4 Nf6 2. Nc3 e6 3. Bf4 b6 4.
e4 Bb4 5. Bd3 Bb7 6. f3 d5 7. e5 Nfd7 8. Ne2 c5 9. a3 Bxc3+ 10.
Nxc3 a6 11. dxc5 bxc5 12. O-O Nc6 13. Re1 g5 14. Bg3 h5 15. h3 h4 16. Bh2 Qb6 17. Kh1 O-O-O 18. Na4 Qa5 19. c3 c4 20. Bc2 Nb6 21.
Bg1 Nxa4 22. Bxa4 Qc7 23. Bxc6 Qxc6 24. b4 d4 25. Bxd4 g4 26. hxg4 h3 27. b5 axb5 28. Re3 hxg2+ 29. Kxg2 Rh4 30. Kg3 Rdh8 31. Qb1 Rh3+ 32.
Kf4 Rxf3+ 33. Rxf3 Qxf3+ 34. Kg5 Rg8+ 35. Kh6 Qh3# 0-1

[Event "Late-Titled-Tuesday-Blitz-April-23-2024"]
[Site "Chess.com"]
[Date "2024.04.23"]
[Round "5"]
[White "LikeWater"]
[Black "Mops_2004"]
[Result "0-1"]
[WhiteElo "2661"]
[BlackElo "2873"]
[TimeControl "180+1"]
[EndTime "14:54:44 PDT"]
[Termination "Mops_2004 won by resignation"]

1. e4 g6 2. d4 Bg7 3. Nc3 d6 4. Be3 a6 5. g4 Nd7 6. h4 c5 7. h5 g5 8. dxc5 Nxc5 9. Bd4 Bxd4 10.
Qxd4 Nf6 11. e5 Ne6 12. Qa4+ Bd7 13. Qb4 dxe5 14. Nf3 Bc6 15. Bg2 Qc7 16. O-O-O Nf4 17. Nxe5 Bxg2 18. Rhe1 O-O 19. Nc4 e6 20. h6 Nxg4 21.
Nb6 Rad8 22. Rxd8 Rxd8 23. Ne4 Bxe4 24. Rxe4 Nxh6 25. a4 Nf5 0-1

[Event "Late-Titled-Tuesday-Blitz-April-23-2024"]
[Site "Chess.com"]
[Date "2024.04.23"]
[Round "5"]
[White "Naruna_Chan"]
[Black "ozates"]
[Result "0-1"]
[WhiteElo "2433"]
[BlackElo "2560"]
[TimeControl "180+1"]
[EndTime "14:54:46 PDT"]
[Termination "ozates won by resignation"]

1. e4 c5 2. c3 d5 3. exd5 Nf6 4. d4 cxd4 5. cxd4 Nxd5 6. Nf3 Nc6 7. Nc3 Bg4 8. Be2 e6 9. O-O Be7 10. h3 Bh5 11. g4 Bg6 12. Ne5 Nxe5 13. dxe5 Nxc3 14. bxc3 O-O 15. Qxd8 Rfxd8 16. Bf3 Rac8 17. Bxb7 Rxc3 18. Be3 h5 19. a4 hxg4 20. hxg4 Rc4 21. f3 a5 22. Ba6 Rc3 23. Bb6 Rd5 24. Bb5 Rxe5 25. Bxa5 Bc5+ 26. Kg2 Rc2+ 27. Kg3 Re3 28. Rac1 Bd6+ 0-1

[Event "Late-Titled-Tuesday-Blitz-April-23-2024"]
[Site "Chess.com"]
[Date "2024.04.23"]
[Round "5"]
[White "zacachess"]
[Black "Bala-Afiada"]
[Result "1-0"]
[WhiteElo "2315"]
[BlackElo "1974"]
[TimeControl "180+1"]
[EndTime "14:54:46 PDT"]
[Termination "zacachess won by checkmate"]

1. e4 c5 2. Nf3 Nc6 3. Bb5 d6 4. O-O Bg4 5. c3 e5 6. d4 cxd4 7. cxd4 Bxf3 8. gxf3 Qb6 9. Nc3 a6 10.
Nd5 Qd8 11. Qa4 axb5 12. Qxa8 Qxa8 13. Nc7+ Kd7 14. Nxa8 Nxd4 15. Kg2 Kc6 16. Be3 b6 17.
Rac1+ Kb7 18. Nc7 Nf6 19. Bxd4 exd4 20. Nxb5 Be7 21. Rc7+ Ka6 22. a4 Re8 23. Ra7# 1-0

[Event "Late-Titled-Tuesday-Blitz-April-23-2024"]
[Site "Chess.com"]
[Date "2024.04.23"]
[Round "5"]
[White "Szachulec75"]
[Black "AsaHoffmann"]
[Result "0-1"]
[WhiteElo "2080"]
[BlackElo "2378"]
[TimeControl "180+1"]
[EndTime "14:54:48 PDT"]
[Termination "AsaHoffmann won by resignation"]

1. Nf3 d6 2. g3 c6 3. Bg2 e5 4. d3 Nf6 5. O-O Be7 6. c4 h6 7. b4 Be6 8. Nc3 Qd7 9. Re1 O-O 10. b5 Rc8 11. a4 Qc7 12. Rb1 Nbd7 13. Ba3 Re8 14. Qb3 c5 15. Bb2 Rad8 16. Nd2 Nf8 17. Ra1 Ng6 18. a5 Qd7 19. a6 b6 20. Bc6 Qc8 21.
Bxe8 Rxe8 22. Nce4 Nh7 23. f3 f5 24. Nf2 Bg5 25.
Bc1 Qd7 26. Nf1 d5 27. cxd5 Bxd5 28. Qc2 Nf6 29. Rb1 Bxc1 30. Rexc1 Qd6 31. e4 Be6 32. exf5 Bxf5 33. Ne4 Qd4+ 34. Kg2 Nd5 35. Qf2 Nb4 36.
Qxd4 exd4 37. Rd1 Ne5 38. g4 Bxe4 39. dxe4 Rf8 40. Nd2 g5 41. Rf1 Nbd3 42. Rbd1 c4 43.
Nxc4 Nf4+ 44. Kg3 Nxc4 45. h4 Ne3 46. hxg5 Nxf1+ 47. Rxf1 hxg5 0-1

[Event "Late-Titled-Tuesday-Blitz-April-23-2024"]
[Site "Chess.com"]
[Date "2024.04.23"]
[Round "5"]
[White "azikom"]
[Black "MarlonJodar"]
[Result "0-1"]
[WhiteElo "2688"]
[BlackElo "2264"]
[TimeControl "180+1"]
[EndTime "14:54:54 PDT"]
[Termination "MarlonJodar won by resignation"]

1. e4 e5 2. Nc3 Nf6 3. Bc4 Nc6 4. d3 Na5 5. Qf3 Nxc4 6. dxc4 d6 7. Nge2 Be6 8. b3 Be7 9. h3 O-O 10. Be3 c6 11.
O-O-O Qa5 12. Kb1 b5 13. cxb5 cxb5 14. g4 Rac8 15. g5 Nd7 16. Bd2 b4 17. Na4 d5 18.
Ng3 d4 19. Nf5 Rfe8 20. h4 Nb6 21. Nb2 Rc3 22. Nd3 Rec8 23. Nxe7+ Kf8 24. Nxc8 Nxc8 25. Nxb4 Rxf3 26. Nd3 Qb5 27. Bc1 Nb6 28. Ba3+ Ke8 29.
Bb2 a5 30. Rhe1 a4 31. Nc1 Rxf2 32. Ba3 axb3 33. axb3 Nc4 0-1

[Event "Late-Titled-Tuesday-Blitz-April-23-2024"]
[Site "Chess.com"]
[Date "2024.04.23"]
[Round "5"]
[White "baki83"]
[Black "GMBenjaminBok"]
[Result "1-0"]
[WhiteElo "2927"]
[BlackElo "3039"]
[TimeControl "180+1"]
[EndTime "14:54:57 PDT"]
[Termination "baki83 won by checkmate"]

1. e4 c5 2. Nf3 d6 3. d4 cxd4 4.
Nxd4 Nf6 5. Nc3 a6 6. Be3 e5 7. Nb3 Be6 8. f3 Be7 9. Qd2 O-O 10. O-O-O Nbd7 11. g4 b5 12. g5 Nh5 13. Nd5 Bxd5 14.
exd5 f6 15. gxf6 Bxf6 16. Na5 Nf4 17. Nc6 Qc7 18. Bxf4 exf4 19. Bh3 Nb6 20. Be6+ Kh8 21. b3 a5 22. Kb1 b4 23. Rhg1 Bc3 24. Qd3 a4 25. Rg4 Nd7 26. Qxh7+ Kxh7 27. Rh4+ Kg6 28. Rg1+ Kf6 29. Rxf4# 1-0

[Event "Late-Titled-Tuesday-Blitz-April-23-2024"]
[Site "Chess.com"]
[Date "2024.04.23"]
[Round "5"]
[White "platy3"]
[Black "Smoking_Crow"]
[Result "1-0"]
[WhiteElo "2876"]
[BlackElo "2610"]
[TimeControl "180+1"]
[EndTime "14:55:00 PDT"]
[Termination "platy3 won by checkmate"]

1. e4 e5 2. Nf3 Nc6 3. Bb5 Nf6 4.
Nc3 Nd4 5. Bc4 Bc5 6. O-O d6 7. h3 h6 8. Nxd4 Bxd4 9. d3 O-O 10.
Ne2 Bb6 11. Ng3 c6 12. Qf3 d5 13. Bb3 Be6 14. Nf5 Bxf5 15. Qxf5 dxe4 16. dxe4 Re8 17. c3 Qd3 18. Qg6 Nd5 19. Qf5 Nf6 20. Re1 Qd7 21. Qf3 Rad8 22. Bxh6 Qd3 23. Qf5 Kh8 24.
Bxf7 Rf8 25. Bxg7+ Kxg7 26. Qg6+ Kh8 27. Qxf6+ Kh7 28. Qg6+ Kh8 29. Qh6# 1-0

[Event "Late-Titled-Tuesday-Blitz-April-23-2024"]
[Site "Chess.com"]
[Date "2024.04.23"]
[Round "5"]
[White "DuleMudule"]
[Black "SahibSinghKnight"]
[Result "0-1"]
[WhiteElo "2812"]
[BlackElo "2646"]
[TimeControl "180+1"]
[EndTime "14:55:01 PDT"]
[Termination "SahibSinghKnight won on time"]

1. d4 e6 2. e4 d5 3. Nc3 Nf6 4. e5 Nfd7 5. f4 c5 6. Nf3 Nc6 7. Be3 Be7 8. Bb5 O-O 9. O-O a6 10. Bxc6 bxc6 11. Na4 cxd4 12. Nxd4 Qc7 13. c3 c5 14. Nf3 Bb7 15. b4 d4 16. cxd4 cxb4 17.
Rc1 Qa5 18. Nc5 Nxc5 19. dxc5 Rac8 20. Nd2 Bxc5 21. Rxc5 Rxc5 22. Nb3 Qxa2 23. Rf2 Rd5 24. Nd4 Qa3 25. Qe1 Rfd8 26. Rd2 Qc3 27. Qf2 Qc1+ 28. Qf1 Qxf1+ 29. Kxf1 a5 30. Kf2 a4 0-1

[Event "Late-Titled-Tuesday-Blitz-April-23-2024"]
[Site "Chess.com"]
[Date "2024.04.23"]
[Round "5"]
[White "FMOlexandrProhorov"]
[Black "maurovargas01"]
[Result "1-0"]
[WhiteElo "2272"]
[BlackElo "1906"]
[TimeControl "180+1"]
[EndTime "14:55:01 PDT"]
[Termination "FMOlexandrProhorov won by resignation"]

1. e4 c5 2. c3 d6 3. d4 cxd4 4. cxd4 e5 5. dxe5 dxe5 6. Qxd8+ Kxd8 7. Nc3 Bb4 8. Bg5+ f6 9. O-O-O+ Ke7 10. Nd5+ Kf7 11.
Nxb4 fxg5 12. Nf3 Kf6 13. Nd5+ Kf7 14. Nc7 Nc6 15. Nxa8 Nf6 16. Nc7 Nxe4 17. Bc4+ Kg6 18. Rhe1 Bf5 19. Bd5 Nb4 20. Bxe4 Rc8 21. Bxf5+ Kxf5 22. Rxe5+ Kf6 23. Rd6+ Kf7 24. Nxg5+ Kf8 25. Rc5 Nxa2+ 26.
Kb1 Nb4 27. Nce6+ Ke7 28. Rxc8 Kxd6 29. Nd4 h6 30. Ngf3 g5 31. Rc4 Nd3 32. Nf5+ Ke6 33. Nxh6 Ne5 34. Re4 1-0

[Event "Late-Titled-Tuesday-Blitz-April-23-2024"]
[Site "Chess.com"]
[Date "2024.04.23"]
[Round "5"]
[White "JG-17"]
[Black "ColorsTrilogy"]
[Result "1-0"]
[WhiteElo "2546"]
[BlackElo "2399"]
[TimeControl "180+1"]
[EndTime "14:55:03 PDT"]
[Termination "JG-17 won by resignation"]

1. d4 Nf6 2. Nf3 e6 3. Bf4 c5 4.
e3 b6 5. Be2 Bb7 6. O-O Be7 7.
h3 O-O 8. c3 Ne4 9. Nbd2 f5 10.
a4 d6 11. Qc2 Kh8 12. Bd3 Nxd2 13. Nxd2 Nd7 14. Bh2 e5 15. e4 cxd4 16. exf5 dxc3 17. bxc3 d5 18. c4 e4 19. Be2 d4 20. Nxe4 Qe8 21. Bd3 Nc5 22. Nxc5 Bxc5 23. Rfe1 Qh5 24. Qe2 Qg5 25.
Qg4 Qxg4 26. hxg4 Rae8 27. Bf4 Bc6 28. f3 Rxe1+ 29. Rxe1 Bxa4 30. Ra1 Bb3 31. Rxa7 b5 32. Rc7 bxc4 33. Bxc4 Bxc4 34. Rxc5 d3 35. Rxc4 1-0

[Event "Late-Titled-Tuesday-Blitz-April-23-2024"]
[Site "Chess.com"]
[Date "2024.04.23"]
[Round "5"]
[White "Narek_Ghimoyan"]
[Black "Statham_01"]
[Result "1-0"]
[WhiteElo "2448"]
[BlackElo "2539"]
[TimeControl "180+1"]
[EndTime "14:55:04 PDT"]
[Termination "Narek_Ghimoyan won on time"]

1. d4 Nf6 2. c4 e6 3. Nf3 d5 4. Nc3 c6 5. e3 Nbd7 6. Bd3 Bd6 7. e4 dxe4 8. Nxe4 Nxe4 9. Bxe4 Nf6 10. Bc2 h6 11.
O-O b6 12. b3 Bb7 13. Bb2 Qc7 14. Qe2 O-O-O 15. a3 Rhg8 16. b4 c5 17. dxc5 bxc5 18. bxc5 Bf4 19. Bxf6 gxf6 20. Be4 Rg4 21. Bxb7+ Qxb7 22. Rab1 Qc6 23. g3 Rg7 24. Rfd1 Rxd1+ 25. Qxd1 Bc7 26.
Nd4 Qxc5 27. Nb5 Bb6 28. Nd6+ Kb8 29. Ne4 Qxc4 30. Qd8+ Qc8 31. Qxf6 Rg4 32. Nd6 Qc2 33. Qd8+ 1-0

[Event "Late-Titled-Tuesday-Blitz-April-23-2024"]
[Site "Chess.com"]
[Date "2024.04.23"]
[Round "5"]
[White "jup1978"]
[Black "HanSchut"]
[Result "0-1"]
[WhiteElo "2488"]
[BlackElo "2350"]
[TimeControl "180+1"]
[EndTime "14:55:05 PDT"]
[Termination "HanSchut won by checkmate"]

1. d4 Nf6 2. Nf3 g6 3. c4 Bg7 4. Nc3 d5 5. Bf4 O-O 6. e3 c5 7. cxd5 Nxd5 8. Nxd5 Qxd5 9. dxc5 Qxd1+ 10. Rxd1 Bxb2 11.
Bb5 Bc3+ 12. Ke2 Nc6 13. Rd3 Bg7 14. Rc1 e5 15. Bxc6 bxc6 16. Nxe5 Bxe5 17. Bxe5 Ba6 18.
Bd6 Rfe8 19. f3 f5 20. Kd2 Bxd3 21. Kxd3 Re6 22. Rb1 Rae8 23. Bf4 Rd8+ 24. Kc3 Rd5 25. Rb8+ Kf7 26. Bd6 Rxe3+ 27. Kc4 Red3 28. Rb7+ Ke6 29. Kb4 R5d4+ 30. Ka5 Ra3# 0-1

[Event "Late-Titled-Tuesday-Blitz-April-23-2024"]
[Site "Chess.com"]
[Date "2024.04.23"]
[Round "5"]
[White "Vladimir_2020"]
[Black "lupta_robin"]
[Result "1-0"]
[WhiteElo "2776"]
[BlackElo "2581"]
[TimeControl "180+1"]
[EndTime "14:55:07 PDT"]
[Termination "Vladimir_2020 won by resignation"]

1. Nf3 Nf6 2. g3 g6 3. Bg2 Bg7 4. O-O O-O 5. c4 d6 6. Nc3 e5 7.
d3 a5 8. b3 e4 9. dxe4 Nxe4 10. Nxe4 Bxa1 11. Bg5 f6 12. Bh6 Re8 13. Qxa1 Rxe4 14.
Ng5 Re5 15. f4 Rc5 16. Ne4 Nd7 17. Nxc5 Nxc5 18. e4 Bd7 19. e5 Bc6 20. exf6 Kf7 21. Bxc6 bxc6 22. f5 gxf5 23. Rxf5 Ne6 24. Qd1 Qg8 25.
Bg7 Nxg7 26. fxg7+ Ke6 27. Qg4 Ke7 28. Qg5+ Kd7 29. Qf4 c5 30. Rf8 1-0

[Event "Late-Titled-Tuesday-Blitz-April-23-2024"]
[Site "Chess.com"]
[Date "2024.04.23"]
[Round "5"]
[White "PapaieDudu"]
[Black "Itay121"]
[Result "1-0"]
[WhiteElo "2447"]
[BlackElo "2538"]
[TimeControl "180+1"]
[EndTime "14:55:08 PDT"]
[Termination "PapaieDudu won by checkmate"]

1. Nf3 f6 2. d4 d5 3. c4 c6 4. Nc3 Kf7 5. Bf4 g5 6. Bg3 h5 7. h4 g4 8. Nd2 Nh6 9. Rc1 Nf5 10. cxd5 Nxg3 11. fxg3 cxd5 12. e4 Qd6 13. e5 fxe5 14.
Bd3 e4 15. O-O+ Kg8 16. Ndxe4 dxe4 17. Bc4+ Be6 18. Nxe4 Qb6 19. Bxe6+ Qxe6 20. Ng5 Qe3+ 21. Kh2 Nd7 22. Rc3 Qxc3 23. bxc3 Rh6 24. Qb3+ e6 25. Nxe6 Kh8 26. Ng5 Rf6 27. Rxf6 Nxf6 28. Qxb7 Re8 29. Qf7 Bg7 30. Ne6 Rxe6 31. Qxe6 Kh7 32. d5 a5 33. d6 a4 34. d7 a3 35. d8=Q Kg6 36.
Qde8+ Kh7 37. Qf5+ Kh6 38. Qfg6# 1-0

[Event "Late-Titled-Tuesday-Blitz-April-23-2024"]
[Site "Chess.com"]
[Date "2024.04.23"]
[Round "5"]
[White "gmcorrales"]
[Black "vladoboch"]
[Result "1-0"]
[WhiteElo "2854"]
[BlackElo "2512"]
[TimeControl "180+1"]
[EndTime "14:55:09 PDT"]
[Termination "gmcorrales won by resignation"]

1. e4 e5 2. f4 exf4 3. Nf3 Nf6 4. Nc3 Nc6 5. Bb5 d5 6. e5 Nh5 7. O-O Bg4 8. h3 Be6 9. Nd4 Bc5 10. Qxh5 Bxd4+ 11. Kh1 O-O 12. Bxc6 bxc6 13. Rxf4 Bc5 14. d4 Be7 15. Be3 h6 16. Raf1 Bg5 17. R4f3 g6 18.
Bxg5 Qxg5 19. Qxg5 hxg5 20. Na4 Bf5 21. Rc3 Kg7 22.
g4 Be4+ 23. Kg1 Rh8 24. Rf6 Rab8 25. a3 c5 26. Nxc5 Rxb2 27. Nxe4 dxe4 28. Rxc7 Rf8 29. Kf2 Ra2 30. Ke3 Rxa3+ 31. c3 a6 32. Kxe4 a5 33. Ra6 a4 34. Raa7 Ra1 35. Kd5 Kg8 36. Kc4 a3 37. e6 a2 38. e7 Re8 39. d5 Re1 40. Rxa2 R1xe7 41. Rxe7 Rxe7 42. d6 Rd7 43. Kd5 1-0

[Event "Late-Titled-Tuesday-Blitz-April-23-2024"]
[Site "Chess.com"]
[Date "2024.04.23"]
[Round "5"]
[White "ReadySkate"]
[Black "DrVelja"]
[Result "1-0"]
[WhiteElo "2697"]
[BlackElo "2964"]
[TimeControl "180+1"]
[EndTime "14:55:11 PDT"]
[Termination "ReadySkate won on time"]

1. d4 Nf6 2. c4 e6 3. Nc3 Bb4 4. f3 c5 5. d5 b5 6. e4 d6 7. Bd2 bxc4 8. Bxc4 O-O 9. Nge2 Ba6 10. Bxa6 Nxa6 11.
Nf4 e5 12. Nfe2 Nc7 13. O-O Rb8 14. Bg5 h6 15. Bh4 g5 16. Bf2 Nh5 17. Be3 Qd7 18. g4 Nf4 19. Ng3 Bxc3 20. bxc3 Ne8 21. Bxf4 exf4 22.
Nf5 Ng7 23. Nxh6+ Kh7 24. Nf5 Nxf5 25. gxf5 Qe7 26. Rb1 Qf6 27. Qd2 Kg7 28. Kh1 Rh8 29. Rg1 Rxb1 30. Rxb1 Rh3 31. Qg2 Qh6 32. e5 dxe5 33.
d6 Rg3 34. Qe2 e4 35. d7 1-0

[Event "Late-Titled-Tuesday-Blitz-April-23-2024"]
[Site "Chess.com"]
[Date "2024.04.23"]
[Round "5"]
[White "ahkashefi2800"]
[Black "szachmistrz2500"]
[Result "0-1"]
[WhiteElo "2586"]
[BlackElo "2466"]
[TimeControl "180+1"]
[EndTime "14:55:16 PDT"]
[Termination "szachmistrz2500 won on time"]

1. Nf3 g6 2. e4 Bg7 3. d4 d6 4. Nc3 Nd7 5. Bc4 e6 6. Be3 Ne7 7. Qd2 h6 8. O-O-O a6 9. a3 b5 10. Bb3 Bb7 11. Rhe1 Nb6 12. d5 e5 13. Bxb6 cxb6 14. Kb1 Bc8 15. a4 bxa4 16. Nxa4 b5 17. Nc3 Bd7 18. Ng1 O-O 19. Nge2 a5 20. f4 a4 21.
fxe5 axb3 22. exd6 bxc2+ 23. Kxc2 Nc8 24. Nd4 Nxd6 25.
e5 Nc4 26. Qf4 b4 27. Nb1 Nxe5 28. Rxe5 Qc7+ 29. Nc6 Bxc6 30. d6 Ba4+ 31. Kd2 Qxd6+ 0-1

[Event "Late-Titled-Tuesday-Blitz-April-23-2024"]
[Site "Chess.com"]
[Date "2024.04.23"]
[Round "5"]
[White "Arigu07"]
[Black "HipsterChess22"]
[Result "1-0"]
[WhiteElo "2568"]
[BlackElo "2212"]
[TimeControl "180+1"]
[EndTime "14:55:16 PDT"]
[Termination "Arigu07 won on time"]

1. a3 d5 2. e3 e5 3. d4 e4 4. c3 Nf6 5. c4 c6 6. Nc3 Be7 7. Nge2 O-O 8. Nf4 g5 9. Nh5 Bf5 10. h4 g4 11. Nf4 h5 12. Qb3 Qb6 13. Qxb6 axb6 14. cxd5 b5 15. Rb1 b4 16. axb4 Bxb4 17. dxc6 Nxc6 18. Bd2 Bd6 19. Nfd5 Nxd5 20. Nxd5 Be6 21.
Nf6+ Kg7 22. Nxh5+ Kg6 23. Ng3 Bxg3 24. fxg3 Ra2 25.
Be2 f5 26. Kf2 Ne7 27. Rhc1 Rc8 28. Rxc8 Bxc8 29. Bc4 Ra8 30. Rc1 Kf6 31. d5 Bd7 32. Bc3+ Kg6 33. Bb4 1-0

[Event "Late-Titled-Tuesday-Blitz-April-23-2024"]
[Site "Chess.com"]
[Date "2024.04.23"]
[Round "5"]
[White "Brahianzevich"]
[Black "lamomiajunior"]
[Result "0-1"]
[WhiteElo "2480"]
[BlackElo "2746"]
[TimeControl "180+1"]
[EndTime "14:55:19 PDT"]
[Termination "lamomiajunior won by checkmate"]

1. e4 c5 2. Nf3 d6 3. d4 cxd4 4. Nxd4 Nf6 5. Nc3 a6 6. Bg5 Nc6 7. Qd2 Bd7 8. O-O-O e6 9. f4 Be7 10. Nf3 Qa5 11. Kb1 O-O-O 12. Bxf6 Bxf6 13. Ne2 Qxd2 14. Rxd2 Kc7 15. g3 h5 16. Bg2 h4 17. Rhd1 Bc8 18.
g4 g6 19. h3 Na5 20. b3 Nc6 21. Ned4 Nxd4 22. Nxd4 b5 23. Re2 Bb7 24. c3 Kb6 25.
a3 Rc8 26. Kb2 Rhd8 27. Rd3 a5 28. g5 Bg7 29. e5 Bxg2 30. Rxg2 dxe5 31. fxe5 Bxe5 32.
Rg4 b4 33. axb4 axb4 34. Rxh4 bxc3+ 35. Kc2 Ra8 36. Re4 Ra2+ 37. Kxc3 Rc8+ 38. Kb4 Bd6# 0-1